 Dungeon Crawl Stone Soup version 0.29.1-15-g9cfb28693d (webtiles) character file.

Game seed: 6356020620331066098

4906 growler the Martial Artist (level 10, -2/115 HPs)
             Began as a Merfolk Transmuter on Mar 24, 2023.
             Was a Priest of Wu Jian.
             Slain by an orc warrior
             ... wielding a +0 war axe
              (8 damage)
             ... in a bailey.
             The game lasted 00:25:18 (8709 turns).

growler the Martial Artist (Merfolk Transmuter)     Turns: 8709, Time: 00:25:19

Health: -2/115     AC: 25    Str: 13    XL:     10   Next: 51%
Magic:  16/16      EV:  2    Int: 14    God:    Wu Jian [***...]
Gold:   552        SH:  0    Dex: 15    Spells: 7/17 levels left

rFire   . . .      SeeInvis .     - Unarmed
rCold   . . .      Faith    .   (no shield)
rNeg    . . .      Spirit   .   (body armour currently unavailable)
rPois   +          Reflect  .   (helmet currently unavailable)
rElec   .          Harm     .   (cloak currently unavailable)
rCorr   .          Rampage  .   (gloves currently unavailable)
Will    .....      NoTele   +   (boots currently unavailable)
Stlth   +++.......              v - amulet of magic regeneration
HPRegen 0.29/turn               k - +4 ring of evasion
MPRegen 0.55/turn               p - ring of flight

@: lethally poisoned (-2 -> -6), exhausted, tree-form
A: stationary, stasis, torment immunity, boosted hp, (nimble swimmer 2),
(mertail)
a: Renounce Religion, Wall Jump, Serpent's Lash


You were in a bailey.
You worshipped Wu Jian.
Wu Jian was most pleased with you.
You were a tree.
You visited 2 branches of the dungeon, and saw 8 of its levels.
You also visited: Sewer and Bailey.

You collected 552 gold pieces.

Inventory:

Missiles
 b - a throwing net
 E - 4 atropa-tipped darts
Armour
 a - a +0 robe (melded)
 B - a +0 pair of gloves (melded)
 D - a +2 robe of willpower
Jewellery
 k - a +4 ring of evasion (left branch)
 p - a ring of flight (right branch)
 v - an amulet of magic regeneration (around neck)
 w - a ring of positive energy
 x - a ring of positive energy
Wands
 n - a wand of paralysis (2)
 z - a wand of polymorph (6)
Scrolls
 c - a scroll of immolation {unknown}
 d - 3 scrolls of teleportation
 e - a scroll of vulnerability
 f - 2 scrolls of magic mapping
 j - a scroll of enchant armour {unknown}
 t - 4 scrolls of blinking
 y - 2 scrolls of butterflies {unknown}
 A - a scroll of noise {unknown}
Potions
 g - 2 potions of haste
 h - a potion of resistance
 i - 2 potions of mutation
 l - 3 potions of heal wounds
 m - a potion of flight
 o - a potion of brilliance {unknown}
 q - 5 potions of curing
 r - a potion of attraction {unknown}
 u - a potion of berserk rage {unknown}
 C - a potion of ambrosia {unknown}


   Skills:
 + Level 6.7 Fighting
 + Level 5.8 Dodging
 + Level 4.5 Stealth
 + Level 12.1 Unarmed Combat
 - Level 4.0 Spellcasting
 - Level 6.0 Transmutations
 - Level 4.0 Ice Magic


You had 7 spell levels left.
You knew the following spells:

 Your Spells              Type           Power      Damage    Failure   Level
a - Beastly Appendage     Tmut           38%        N/A       1%          1
b - Wereblood             Tmut           19%        N/A       2%          2
c - Spider Form           Tmut/Pois      11%        N/A       17%         3
d - Ice Form              Ice/Tmut       16%        N/A       24%         4

Your spell library contained the following spells:

 Spells                   Type           Power      Damage    Failure   Level
 Ensorcelled Hibernation  Hex/Ice        16%        N/A       13%         2
 Summon Small Mammal      Summ           8%         N/A       19%         1
 Call Canine Familiar     Summ           2%         N/A       50%         3
 Summon Guardian Golem    Hex/Summ       2%         N/A       50%         3
 Petrify                  Tmut/Erth      11%        N/A       50%         4
 Airstrike                Air            1%         2d(1-17)  88%         4
 Anguish                  Hex/Necr       1%         N/A       88%         4
 Summon Lightning Spire   Summ/Air       2%         N/A       88%         4
 Metabolic Englaciation   Hex/Ice        4%         N/A       93%         5
 Lightning Bolt           Conj/Air       1%         1d12      99%         5
 Statue Form              Tmut/Erth      7%         N/A       100%        6


Dungeon Overview and Level Annotations

Branches:
Dungeon (7/15)             Temple (1/1) D:4           Sewer (visited)
 Bailey (1/1)

Altars:
Ashenzari
Cheibriados
Dithmenos
Elyvilon
Fedhas
Gozag
Hepliaklqana
Makhleb
Okawaru
Qazlal
Ru
Sif Muna
Trog
Uskayaw
Vehumet
Wu Jian
Xom
Yredelemnul
The Shining One


Innate Abilities, Weirdness & Mutations

You are a tree.
Your roots penetrate the ground, keeping you stationary.
You cannot be teleported.
You are immune to unholy pain and torment.
Your maximum health is greatly increased.
Your equipment is partially melded.
((You are very nimble when in or above water. (Stealth+, EV+, Speed+++)))
((Your lower body shifts to a powerful aquatic tail in water.))


Message History

You freeze the orc warrior.
The orc warrior is heavily wounded.
You warm up again.
Your +0 pair of gloves unmelds from your body.
Your +0 robe unmelds from your body.
You feel sick.
You are no longer poisoned.
The kobold brigand completely misses you.
The orc warrior barely misses you.
Things that are here:
a +0 war axe; 5 poisoned darts Really quaff the potion of lignification?
You turn into a tree.
Your +0 pair of gloves melds into your body.
Your +0 robe melds into your body.
Your roots penetrate the ground.
The kobold brigand hits you but does no damage.
The orc warrior hits you with a +0 war axe!
* * * LOW HITPOINT WARNING * * *
The kobold brigand throws a poisoned dart.
The poisoned dart hits you!
You are poisoned.
The orc warrior hits you with a +0 war axe!
* * * LOW HITPOINT WARNING * * *
Unknown command.
You smack the kobold brigand!
The kobold brigand is heavily wounded.
You feel sick.
The kobold brigand hits you but does no damage.
The orc warrior hits you but does no damage.
The kobold brigand throws a poisoned dart.
The poisoned dart hits you!
The orc warrior hits you with a +0 war axe!
* * * LOW HITPOINT WARNING * * *
You smack the kobold brigand!
Your punch misses the kobold brigand.
The kobold brigand is severely wounded.
* * * LOW HITPOINT WARNING * * *
You feel sick.
The kobold brigand hits you but does no damage.
The orc warrior hits you but does no damage.
The orc warrior hits you with a +0 war axe!
You die...

#####
####._.####
###./$.(.(/.###
##.............#
#...............
#...............
##....)K♣K.....#
###...)oo...###
####...####
###'###
##.....##
#...8...#
#∩....)∩#
##.....##
####'''####


You could see 2 orc warriors and 2 kobold brigands.

Vanquished Creatures
  Pikel (D:6)
  Maggie (D:6)
  Sigmund (D:3)
  A steam dragon (D:7)
  Edmund (D:4)
  3 water moccasins
  5 orc warriors
  2 ice beasts
  3 sky beasts
  2 ogres
  A phantom (D:5)
  Blork the orc (D:6)
  6 kobold brigands
  5 bullfrogs
  3 necrophages
  3 scorpions
  3 wights (D:7)
  4 hounds
  2 jellies
  2 orc priests
  Terence (D:3)
  6 iguanas
  Natasha (thrice) (D:3)
  9 orc wizards
  10 adders
  A white imp (D:6)
  A worm (D:2)
  A dart slug (D:2)
  24 orcs
  18 ball pythons
  4 bats
  11 endoplasms
  15 giant cockroaches
  9 goblins
  8 hobgoblins
  13 quokkas
  13 frilled lizards
  33 kobolds
  7 rats
237 creatures vanquished.

Vanquished Creatures (others)
  51 plants (D:4)
51 creatures vanquished.

Grand Total: 288 creatures vanquished

Notes
Turn   | Place    | Note
-------+----------+-------------------------------------------
     0 | D:1      | growler the Merfolk Transmuter began the quest for the Orb.
     0 | D:1      | Reached XP level 1. HP: 15/15 MP: 3/3
   445 | D:1      | Found a faded altar of an unknown god.
   488 | D:1      | Reached XP level 2. HP: 11/21 MP: 3/5
   501 | D:1      | Learned a level 2 spell: Wereblood
  1266 | D:1      | Reached XP level 3. HP: 26/26 MP: 4/6
  1270 | D:1      | Learned a level 3 spell: Spider Form
  1820 | D:2      | Found a shimmering altar of Xom.
  1960 | D:2      | Reached skill level 4 in Unarmed Combat
  2499 | D:3      | Noticed Natasha
  2509 | D:3      | Killed Natasha
  2510 | D:3      | Reached XP level 4. HP: 32/32 MP: 4/8
  2595 | D:3      | Noticed Terence
  2659 | D:3      | Killed Terence
  2690 | D:3      | Noticed an ogre
  2702 | D:3      | Killed an ogre
  2703 | D:3      | Reached skill level 5 in Unarmed Combat
  2703 | D:3      | Reached XP level 5. HP: 37/37 MP: 6/9
  2716 | D:3      | Learned a level 4 spell: Ice Form
  3349 | D:3      | Found a shimmering altar of Xom.
  3362 | D:3      | Noticed Natasha
  3365 | D:3      | Reached skill level 6 in Unarmed Combat
  3365 | D:3      | Reached XP level 6. HP: 35/43 MP: 4/10
  3375 | D:3      | Killed Natasha
  3443 | D:3      | Noticed Natasha
  3451 | D:3      | Killed Natasha
  3802 | D:3      | Noticed Sigmund
  3830 | D:3      | Killed Sigmund
  3831 | D:3      | Reached skill level 7 in Unarmed Combat
  3831 | D:3      | Reached XP level 7. HP: 26/48 MP: 4/11
  3984 | D:3      | Found a faded altar of an unknown god.
  4019 | D:3      | Found a bloodstained altar of Trog.
  4111 | D:4      | Reached skill level 8 in Unarmed Combat
  4278 | D:4      | Noticed Edmund
  4301 | D:4      | Killed Edmund
  4302 | D:4      | Reached skill level 9 in Unarmed Combat
  4654 | D:4      | Found a staircase to the Ecumenical Temple.
  4665 | Temple   | Entered the Ecumenical Temple
  4865 | Temple   | Became a worshipper of the Wu Jian Council
  4901 | D:4      | Reached XP level 8. HP: 54/54 MP: 8/12
  5632 | D:5      | Entered Level 5 of the Dungeon
  5642 | D:4      | Reached skill level 10 in Unarmed Combat
  5724 | D:5      | Reached skill level 1 in Ice Magic
  5773 | D:5      | Found a glowing drain.
  5780 | Sewer    | Entered a sewer
  5799 | Sewer    | Reached * piety under Wu Jian
  5951 | Sewer    | Reached ** piety under Wu Jian
  6205 | D:5      | Reached skill level 5 in Transmutations
  6272 | D:5      | Reached XP level 9. HP: 59/63 MP: 14/14
  6473 | D:5      | Found a hide-covered altar of Uskayaw.
  6476 | D:5      | Noticed a +0 dagger
  6477 | D:5      | Noticed a +0 hand axe
  6737 | D:6      | Noticed Pikel
  6875 | D:6      | Killed Pikel
  6876 | D:6      | Reached skill level 11 in Unarmed Combat
  7129 | D:6      | Reached skill level 5 in Fighting
  7253 | D:6      | Found a burning altar of Makhleb.
  7376 | D:6      | Reached skill level 1 in Stealth
  7491 | D:6      | Noticed Blork the orc
  7501 | D:6      | Killed Blork the orc
  7559 | D:6      | Found a glowing golden altar of the Shining One.
  7643 | D:6      | Noticed Maggie
  7653 | D:6      | Killed Maggie
  7654 | D:6      | Reached XP level 10. HP: 54/76 MP: 16/16
  8327 | D:7      | Reached skill level 5 in Dodging
  8581 | D:7      | Found a flagged portal.
  8591 | D:7      | Reached *** piety under Wu Jian
  8593 | Bailey   | Entered a bailey
  8611 | Bailey   | Reached skill level 12 in Unarmed Combat
  8692 | Bailey   | Identified the +4 trident of the Shimmering Seeker {flame,
                  | Str+4 Int+4}
  8700 | Bailey   | Found a burning altar of Makhleb.
  8709 | Bailey   | Slain by an orc warrior

Illustrated notes

Levels and vault maps discovered:
D:1:      onia_arrival_handbag, layout_basic, hellmonk_ecumenical_altar_run_dry
D:2:      layout_loops_ring, basic_altar, kennysheep_cluttered_room,
          grunt_decor_arrowhead
D:3:      layout_rooms, mainiacjoe_overflow_cross_hatched,
          nicolae_overflow_ecumenical_swirl, minivault_4, minmay_quadrilaterals,
          uniq_sigmund, uniq_natasha, uniq_terence
D:4:      kennysheep_kobold_camp, layout_gridville,
          minmay_temple_entry_large_hall, uniq_edmund
D:5:      layout_cave_pools, dancing_weapons_uskayaw, gup_sewer_entry_bubbles
D:6:      layout_cave_pools, mainiacjoe_overflow_paths, lightli_temple_of_fire,
          serial_park, serial_park_gazebo [serial_park_minivault_5x5_6],
          serial_park_avenue1, minmay_a_box_with_orc_wizards_in_it, uniq_pikel,
          uniq_blork_the_orc, uniq_maggie
D:7:      layout_basic, kennysheep_mini_moat, enter_bailey_2
Temple:   dpeg_chambers_temple
Bailey:   bailey_axe_3, bailey

Skill      XL: |  1  2  3  4  5  6  7  8  9 10 |
---------------+-------------------------------+-----
Transmutations | 3 4 5 6 |  6.0
Unarmed Combat | 4 5 6 7 9 10 11 12 | 12.1
Spellcasting   | 3 4 |  4.0
Ice Magic      | 2 4 |  4.0
Fighting       | 3 5 6 |  6.7
Dodging        | 4 5 |  5.8
Stealth        | 2 4 |  4.5

Action                   |  1- 3 |  4- 6 |  7- 9 | 10-12 || total
-------------------------+-------+-------+-------+-------++-------
Melee: Unarmed           |   128 |    59 |   354 |    73 ||   614
       Headbutt          |    14 |     4 |    12 |       ||    30
       Punch             |     2 |     1 |    10 |       ||    13
 Cast: Beastly Appendage |    27 |     7 |    20 |       ||    54
       Spider Form       |     1 |     5 |    15 |       ||    21
       Wereblood         |       |     2 |     7 |     1 ||    10
       Ice Form          |       |       |     6 |     8 ||    14
Invok: Lunge             |       |       |    33 |     7 ||    40
       Whirlwind         |       |       |    50 |    36 ||    86
       Serpent's Lash    |       |       |       |     1 ||     1
Evoke: Wand              |       |     2 |       |       ||     2
  Use: Scroll            |     7 |       |     3 |       ||    10
       Potion            |       |     2 |       |     1 ||     3
 Stab: Sleeping          |     2 |       |     7 |       ||     9
       Paralysed         |       |     1 |       |       ||     1
Armor: Robe              |    21 |     6 |    11 |       ||    38
       Skin              |     1 |    28 |    14 |    12 ||    55
Dodge: Dodged            |    78 |    41 |   217 |    46 ||   382
